 Dungeon Crawl Stone Soup version 0.26-a0-501-g57170428f2 (webtiles) character file.

Game seed: 6060222214862615083

12 ANON1729 the Caller (level 2, -4/15 HPs)
             Began as a Kobold Summoner on Aug 7, 2020.
             Slain by Sigmund
             ... wielding a +0 scythe
              (11 damage)
             ... on level 2 of the Dungeon.
             The game lasted 00:02:09 (1383 turns).

ANON1729 the Caller (Kobold Summoner)               Turns: 1383, Time: 00:02:09

Health: -4/15      AC:  4    Str:  5    XL:     2   Next: 45%
Magic:  5/5        EV: 15    Int: 16    God:
Gold:   75         SH:  0    Dex: 15    Spells: 4/5 levels left

rFire    . . .     SeeInvis .   h - +0 whip
rCold    . . .     Faith    .   (shield restricted)
rNeg     . . .     Spirit   .   a - +0 robe
rPois    .         Reflect  .   b - +0 helmet
rElec    .         Harm     .   (no cloak)
rCorr    .                      i - +0 pair of gloves
MR       .....                  (no boots)
Stlth    +++.......             (no amulet)
HPRegen  0.05/turn              (no ring)
MPRegen  0.09/turn              (no ring)

@: very slightly contaminated
A: small, nightstalker 3
a: no special abilities


You were on level 2 of the Dungeon.
You visited 1 branch of the dungeon, and saw 2 of its levels.

You collected 75 gold pieces.

Inventory:

Hand Weapons
 h - a +0 whip (weapon)
Armour
 a - a +0 robe (worn)
 b - a +0 helmet (worn)
 i - a +0 pair of gloves (worn)
Scrolls
 d - a scroll of identify {unknown}
 e - a scroll of remove curse {unknown}
 g - a scroll of enchant armour {unknown}
 j - a scroll of fog {unknown}


   Skills:
 + Level 2.7 Dodging
 + Level 3.1 Stealth
 + Level 2.4 Spellcasting
 + Level 4.1 Summonings


You had 4 spell levels left.
You knew the following spells:

 Your Spells              Type           Power        Failure   Level
a - Summon Small Mammal   Summ           ###.         3%          1

Your spell library contained the following spells:

 Spells                   Type           Power        Failure   Level
 Call Imp                 Summ           ###.....     5%          2
 Call Canine Familiar     Summ           ###.....     11%         3
 Summon Guardian Golem    Hex/Summ       #.......     26%         3
 Summon Ice Beast         Ice/Summ       #.......     63%         4
 Summon Lightning Spire   Summ/Air       #.......     63%         4


Dungeon Overview and Level Annotations

Branches:
Dungeon (2/15)

Altars:

Annotations:
D:2 Sigmund


Innate Abilities, Weirdness & Mutations

You are small and have problems with some larger weapons.
You are completely attuned to the shadows.


Message History

You are too injured to fight recklessly!
You are too injured to fight recklessly!
You are too injured to fight recklessly!
You are too injured to fight recklessly!
There is a lethal amount of poison in your body!
It was a potion of curing.
You feel better. The adder bites you but does no damage.
Sigmund hits you from afar with a +0 scythe!
The hobgoblin closely misses you.
A hobgoblin comes into view.
The adder bites you but does no damage. The hobgoblin barely misses you.
Press: ? - help, Dir - move target cursor You are very lightly contaminated with residual magic.
As you read the scroll labeled NUCSEISYCE, it crumbles to dust.
It was a scroll of blinking.
Sigmund barely misses you.
There is a stone staircase leading up here.
Sigmund hits you from afar with a +0 scythe!
Ouch! That really hurt!
You die...

...##
.......#
.....#..#
.........#
.....S##g#
...#.....#
#..@g#######
###.S......#
.....@#.###.#
#####...(.#.#
.....#...#.#
####.#####.#
#.......)..#
#.##.#######
. #..#.#
..#....# #.#
.....#####.#


You could see Sigmund, 2 adders and a hobgoblin.

Vanquished Creatures
  A leopard gecko (D:1)
  A hobgoblin (D:1)
  A frilled lizard (D:2)
3 creatures vanquished.

Vanquished Creatures (collateral kills)
  A bat (D:1)
  3 giant cockroaches (D:1)
  2 hobgoblins
  3 frilled lizards
  2 kobolds (D:1)
11 creatures vanquished.

Grand Total: 14 creatures vanquished

Notes
Turn   | Place    | Note
-------+----------+-------------------------------------------
     0 | D:1      | ANON1729 the Kobold Summoner began the quest for the Orb.
     0 | D:1      | Reached XP level 1. HP: 10/10 MP: 3/3
   614 | D:1      | Reached XP level 2. HP: 9/15 MP: 3/5
  1375 | D:2      | Noticed Sigmund
  1383 | D:2      | Slain by Sigmund

Illustrated notes

Levels and vault maps discovered:
D:1:      dpeg_arrival_round_b, layout_basic
D:2:      layout_basic, uniq_sigmund

Skill      XL: |  1 |
---------------+----+-----
Stealth        | 3 |  3.1
Dodging        | |  2.7
Spellcasting   | |  2.4
Summonings     | |  4.1

Action                   || total
-------------------------++-------
Melee: Unarmed           ||    43
       Whip              ||     8
 Cast: Summon Small Mamm ||    26
  Use: Scroll            ||     1
       Potion            ||     1
 Stab: Sleeping          ||     2
       Distracted        ||     1
Armor: Robe              ||    13
Dodge: Dodged            ||    74

Table legend: (Time is in decaauts)
 A = Elapsed time spent in this place.
 B = Non-inter-level travel time spent in this place.
 C = Inter-level travel time spent in this place.
 D = Time resting spent in this place.
 E = Time spent auto-exploring this place.
 F = Levels seen in this place.
 G = Mean time per level.
                   A        B        C        D        E       F      G
               +--------+--------+--------+--------+--------+-----+--------+
         Total |   1383 |   1304 |     79 |    240 |    812 |   2 |  691.5 |
       Dungeon |   1383 |   1304 |     79 |    240 |    812 |   2 |  691.5 |
               +--------+--------+--------+--------+--------+-----+--------+

Top non-repeatable levels by time:
     D:1: 1325 daAuts
     D:2: 57 daAuts
